 Dungeon Crawl Stone Soup version 0.18.1-50-g88ac8fd (console) character file.

12714 Kloppie the Cleaver (level 11, -8/160 HPs)
             Began as a Hill Orc Berserker on Oct 25, 2016.
             Was a High Priest of Trog.
             Mangled by a freezing wraith (11 damage)
             ... led by a death knight
             ... on level 12 of the Dungeon.
             The game lasted 00:17:46 (12533 turns).

Kloppie the Cleaver (Hill Orc Berserker)           Turns: 12533, Time: 00:17:46

Health: -8/160     AC: 24    Str: 29    XL:     11   Next: 97%
Magic:  3/3        EV: 13    Int:  7    God:    Trog [*****.]
Gold:   756        SH:  8    Dex: 10    Spells: 0 memorised, 10 levels left

rFire  . . .     SeeInvis .     a - +3 battleaxe (antimagic)
rCold  . . .     Gourm    .     p - +0 plate armour
rNeg   . . .     Faith    .     (shield currently unavailable)
rPois  .         Spirit   .     h - +1 helmet
rElec  .         Dismiss  .     J - +2 cloak
rCorr  .         Reflect  +     M - +2 pair of gloves {archery}
SustAt +         Harm     .     (no boots)
MR     .....                    Q - brooch of Shielding {Reflect SH+8}
Stlth  ..........               O - ring of sustain attributes
                                n - +5 ring of evasion

@: berserking, slowed, not resistant to hostile enchantments, extremely
unstealthy
A: no striking features
a: Berserk, Trog's Hand, Brothers in Arms, Burn Spellbooks, Renounce Religion


You were on level 12 of the Dungeon.
You worshipped Trog.
Trog was extremely pleased with you.
You were not hungry.

You visited 1 branch of the dungeon, and saw 12 of its levels.
You also visited: Ossuary and Bailey.

You collected 808 gold pieces.
You spent 52 gold pieces at shops.

Inventory:

Hand Weapons
 a - a +3 antimagic battleaxe (weapon)
 x - a +0 war axe
 G - a +1 hand axe
Armour
 h - a +1 helmet (worn)
 p - a +0 plate armour (worn)
 J - a +2 cloak (worn)
 M - a +2 pair of gloves of archery (worn)
Jewellery
 n - a +5 ring of evasion (left hand)
 O - a ring of sustain attributes (right hand)
 Q - the brooch of Shielding (around neck) {Reflect SH+8}
   (You found it on level 11 of the Dungeon)

   [amulet of reflection]

   It shields you and reflects attacks.
   It affects your SH (+8).
Wands
 e - a wand of random effects (29/48)
 s - a wand of iceblast (7/15)
 y - a wand of slowing (30/48)
 R - a wand of lightning (6/15)
 S - a wand of flame (22/48)
 U - a wand of confusion (22/48)
Scrolls
 f - 5 scrolls of remove curse
 g - 5 scrolls of enchant armour
 u - 4 scrolls of fog
 z - 3 scrolls of fear
 H - a scroll of magic mapping
 I - a scroll of teleportation
 K - 2 scrolls of identify
 L - a scroll of blinking {unknown}
 N - a scroll of acquirement {unknown}
Potions
 b - 4 potions of cure mutation
 d - 2 potions of haste
 k - 3 potions of flight
 m - 3 potions of resistance
 o - 2 potions of heal wounds
 q - 3 potions of might
 r - 7 potions of curing
 v - 4 potions of magic {unknown}
 w - 3 potions of invisibility {unknown}
 B - a potion of ambrosia {unknown}
 C - 5 potions of agility {unknown}
 D - 3 potions of beneficial mutation {unknown}
 E - a potion of berserk rage {unknown}
 F - 2 potions of mutation {unknown}
Books
 t - a book of Summonings

   Spells                             Type                      Level
   a - Recall                         Summoning/Translocation      3
   b - Aura of Abjuration             Summoning                    5
   c - Summon Demon                   Summoning                    5
   d - Summon Forest                  Summoning/Translocation      5
   e - Summon Mana Viper              Hexes/Summoning              5
   f - Shadow Creatures               Summoning                    6
   Trog disapproves of the use of such an item.
 P - a book of Beasts

   Spells                             Type                      Level
   a - Summon Butterflies             Summoning                    1
   b - Call Canine Familiar           Summoning                    3
   c - Summon Ice Beast               Ice/Summoning                4
   d - Summon Mana Viper              Hexes/Summoning              5
   e - Summon Hydra                   Summoning                    7
   Trog disapproves of the use of such an item.
Comestibles
 c - 4 bread rations
 i - 7 fruits
 j - 2 slices of pizza
 l - 2 meat rations
 A - a beef jerky
 T - a chunk of flesh


   Skills:
 + Level 13.1 Fighting
 + Level 14.1 Axes
 + Level 11.8 Armour
 - Level 1.5 Dodging


You had 10 spell levels left.
You didn't know any spells.

Dungeon Overview and Level Annotations

Branches:
Dungeon (12/15)            Temple (0/1) D:5            Lair (0/8) D:10
    Orc (0/2) D:12

Altars:
Ashenzari
Dithmenos
Kikubaaqudgha
Makhleb
Ru
Sif Muna
Trog
Xom
Yredelemnul
The Shining One

Shops:
D:8 (


Message History

The freezing wraith is heavily damaged.
You slash the orc wizard!
You kill the orc wizard!
Trog accepts your kill.
Trog appreciates your killing of a magic user.
The freezing wraith hits you!
* * * LOW HITPOINT WARNING * * *
The freezing wraith freezes you!!
* * * LOW HITPOINT WARNING * * *
The freezing wraith hits you but does no damage.
You hit the freezing wraith.
The freezing wraith is lightly damaged.
You slash the freezing wraith!
The freezing wraith is almost destroyed.
You hit the wraith.
The wraith is lightly damaged.
You block the freezing wraith's attack. x2; The freezing wraith hits you.
* * * LOW HITPOINT WARNING * * *
The freezing wraith freezes you!
You die...

#.#.........#......
#.#.........#.###..
#.#.........#.#####
..#.........#.#....
#######.........#.#....
................#.#....
.W.....................
#.#####W.........#|#....
#.....W@.#########......
#######W.# ###.... ....#
##### ###+#. .# ##


You could see 2 freezing wraiths and a wraith.

Vanquished Creatures
  A death knight (D:12)
  The ghost of Blank the Cruncher, a novice MiGl of Okawaru (D:9)
  The ghost of Blank the Cruncher, a novice MiGl (D:6)
  3 hill giants (D:11)
  An ugly thing (D:11)
  The ghost of quietfox the Destroyer, a novice DEFE (Ossuary)
  A two-headed ogre (D:9)
  Grinder (D:4)
  2 wyverns
  2 wraiths
  A hippogriff (D:10)
  Menkaure (D:4)
  A mottled dragon (D:9)
  Edmund (D:4)
  2 wargs (D:12)
  Duvessa (D:7)
  2 phantoms
  14 orc warriors
  A sky beast (D:5)
  2 black bears
  2 necrophages
  4 ice beasts
  2 wasps (D:10)
  An eye of draining (D:10)
  13 centaurs
  7 ogres
  2 big kobolds
  4 giant frogs
  The ghost of StormFighter the Sneak, an amateur SpEn (D:3)
  5 scorpions
  Dowan (D:7)
  11 killer bees
  A howler monkey (D:5)
  2 centaur zombies (D:12)
  3 crimson imps
  2 orc priests (D:5)
  A quasit (D:5)
  A giant frog zombie (D:8)
  2 gnoll shamans
  4 hounds
  4 jellies
  3 giant frog skeletons
  10 orc wizards
  A centaur skeleton (D:5)
  4 iguanas
  8 worker ants
  2 hound zombies
  A hound skeleton (D:4)
  4 mummies
  A worker ant zombie (D:11)
  9 adders
  19 gnolls
  A shadow imp (D:9)
  An ooze (D:1)
  An adder zombie (Ossuary)
  2 adder skeletons
  5 worms
  2 dart slugs (D:1)
  2 giant geckos
  47 orcs
  5 giant cockroaches
  10 goblins
  6 hobgoblins
  11 jackals
  7 quokkas
  2 ball pythons (D:2)
  12 bats
  6 giant newts
  4 goblin zombies (Ossuary)
  3 hobgoblin zombies
  A jackal skeleton (D:4)
  19 kobolds
  2 kobold zombies (Ossuary)
  An orc zombie (D:6)
  7 quokka zombies
  5 rats
  3 rat zombies (Ossuary)
340 creatures vanquished.

Notes
Turn   | Place    | Note
--------------------------------------------------------------
     0 | D:1      | Kloppie the Hill Orc Berserker began the quest for the Orb.
     0 | D:1      | Reached XP level 1. HP: 19/19 MP: 1/1
   263 | D:1      | Reached XP level 2. HP: 27/27 MP: 2/2
   420 | D:1      | Reached XP level 3. HP: 32/33 MP: 3/3
   434 | D:1      | Reached ** piety under Trog
   785 | D:2      | Found a sacrificial altar of Ru.
   873 | D:2      | Found a shattered altar of Ashenzari.
   873 | D:2      | Found a deep blue altar of Sif Muna.
   874 | D:2      | Found a basalt altar of Yredelemnul.
  1050 | D:2      | Reached XP level 4. HP: 41/41 MP: 4/4
  1514 | D:3      | Found a faded altar to an unknown god.
  1516 | D:3      | Reached skill level 5 in Axes
  1732 | D:3      | Noticed StormFighter's ghost (amateur SpEn)
  1744 | D:3      | Killed StormFighter's ghost
  1744 | D:3      | Reached skill level 5 in Fighting
  1744 | D:3      | Reached XP level 5. HP: 48/48 MP: 5/5
  2344 | D:4      | Noticed Grinder
  2357 | D:4      | Killed Grinder
  2357 | D:4      | Reached skill level 6 in Axes
  2357 | D:4      | Reached XP level 6. HP: 56/56 MP: 6/6
  2423 | D:4      | Noticed Menkaure
  2432 | D:4      | Killed Menkaure
  2432 | D:4      | Reached skill level 5 in Armour
  2432 | D:4      | Reached XP level 7. HP: 44/63 MP: 7/7
  2613 | D:4      | Reached skill level 7 in Axes
  2694 | D:4      | Reached *** piety under Trog
  2708 | D:4      | Noticed Edmund
  2724 | D:4      | Killed Edmund
  3139 | D:4      | Found a shimmering altar of Xom.
  3140 | D:4      | Found a burning altar of Makhleb.
  3220 | D:5      | Entered Level 5 of the Dungeon
  3398 | D:5      | Reached XP level 8. HP: 47/71 MP: 8/8
  3420 | D:5      | Reached skill level 8 in Axes
  3569 | D:5      | HP: 2/73 [scorpion (5)]
  4070 | D:5      | Found a glowing golden altar of the Shining One.
  4347 | D:5      | Found a staircase to the Ecumenical Temple.
  4357 | D:5      | Reached skill level 9 in Axes
  4421 | D:5      | Found a shadowy altar of Dithmenos.
  4921 | D:6      | Reached XP level 9. HP: 51/82 MP: 9/9
  5035 | D:6      | Found a sand-covered staircase.
  5049 | Ossuary  | Entered an ossuary
  5106 | Ossuary  | Noticed quietfox's ghost (novice DEFE)
  5123 | Ossuary  | Killed quietfox's ghost
  5697 | D:6      | Reached skill level 10 in Axes
  5993 | D:6      | Reached **** piety under Trog
  6136 | D:6      | Noticed Blank's ghost (novice MiGl)
  6156 | D:6      | Killed Blank's ghost
  7120 | D:7      | Reached skill level 10 in Fighting
  7120 | D:7      | Reached skill level 11 in Axes
  7268 | D:7      | Noticed Duvessa
  7269 | D:7      | Noticed Dowan
  7281 | D:7      | Killed Dowan
  7281 | D:7      | Reached XP level 10. HP: 75/93 MP: 10/10
  7290 | D:7      | Killed Duvessa
  7956 | D:8      | Found an ancient bone altar of Kikubaaqudgha.
  8592 | D:8      | Found Zeukk's Weapon Emporium.
  8597 | D:8      | Bought a +0 war axe for 52 gold pieces
  8717 | D:9      | Noticed Blank's ghost (novice MiGl)
  8729 | D:9      | Killed Blank's ghost
  8849 | D:9      | Reached ***** piety under Trog
  8849 | D:9      | Reached skill level 12 in Axes
  8867 | D:9      | Found a bloodstained altar of Trog.
  8905 | D:9      | Found a flagged portal.
  8912 | D:9      | Reached skill level 10 in Armour
  8961 | Bailey   | Entered a bailey
  9477 | Bailey   | Reached XP level 11. HP: 67/103 MP: 11/11
  9860 | Bailey   | Received a gift from Trog
 10563 | D:9      | Reached skill level 13 in Axes
 10610 | D:10     | Entered Level 10 of the Dungeon
 10610 | D:10     | Found a staircase to the Lair.
 11387 | D:11     | Noticed a hill giant
 11392 | D:11     | Killed a hill giant
 11503 | D:11     | Noticed a white ugly thing
 11516 | D:11     | Killed a white ugly thing
 12031 | D:11     | Noticed a hill giant
 12042 | D:11     | Killed a hill giant
 12056 | D:11     | Noticed a hill giant
 12064 | D:11     | Killed a hill giant
 12274 | D:12     | Received a gift from Trog
 12379 | D:12     | Found a staircase to the Orcish Mines.
 12517 | D:12     | Noticed a death knight
 12530 | D:12     | Killed a death knight
 12530 | D:12     | Reached skill level 14 in Axes
 12532 | D:12     | HP: 5/160 [freezing wraith[a death knight] (20)]
 12533 | D:12     | Mangled by a freezing wraith

Skill      XL: |  1  2  3  4  5  6  7  8  9 10 11 |
---------------+----------------------------------+-----
Fighting       | 4 5 6 8 10 11 13 | 13.1
Armour         | 3 4 5 7 8 10 11 | 11.8
Axes           | 5 6 7 9 11 12 14 | 14.1
Dodging        | |  1.5

Action                   |  1- 3 |  4- 6 |  7- 9 | 10-12 || total
-------------------------+-------+-------+-------+-------++-------
Melee: Hand axe          |   141 |   104 |   647 |   124 ||  1016
       War axe           |       |       |       |   206 ||   206
       Battleaxe         |       |       |       |   240 ||   240
Invok: Berserk           |       |     3 |     6 |     6 ||    15
       Trog's Hand       |       |     2 |     4 |     3 ||     9
  Use: Scroll            |       |     9 |     3 |    10 ||    22
       Potion            |       |       |     1 |       ||     1
  Eat: Chunk             |     1 |     5 |    17 |    18 ||    41
       Beef jerky        |       |     1 |       |       ||     1
       Fruit             |       |       |     3 |       ||     3
       Meat ration       |       |       |     1 |     1 ||     2
Armor: Scale mail        |    76 |       |       |       ||    76
       Plate armour      |    14 |    61 |   363 |   345 ||   783
Dodge: Dodged            |    82 |    21 |   275 |   501 ||   879
Block: Other             |       |       |       |    30 ||    30
       Reflection        |       |       |       |     2 ||     2
